 Dungeon Crawl Stone Soup version 0.24.0-37-gcf1ca852f1 (webtiles) character file.

Game seed: 17127695338229256970, levelgen mode: deterministic

122 Amplified the Magician (level 4, -4/34 HPs)
             Began as a Mummy Fire Elementalist on Dec 3, 2019.
             Slain by an orc wizard
             ... wielding a +0 dagger
              (5 damage)
             ... on level 4 of the Dungeon.
             The game lasted 00:05:51 (2653 turns).

Amplified the Magician (Mummy Fire Elementalist)    Turns: 2653, Time: 00:05:52

Health: -4/34      AC:  6    Str: 12    XL:     4   Next: 78%
Magic:  8/10       EV: 14    Int: 14    God:
Gold:   99         SH:  0    Dex: 12    Spells: 0/11 levels left

rFire    x . .     SeeInvis .   m - +0 great mace
rCold    + . .     Gourm    +   (shield currently unavailable)
rNeg     + + +     Faith    .   a - +0 robe
rPois    ∞         Spirit   .   (no helmet)
rElec    .         Reflect  .   (no cloak)
rCorr    .         Harm     .   (no gloves)
MR       .....                  (no boots)
Stlth    +.........             f - amulet of the gourmand
HPRegen  0.11/turn              g - +2 ring of evasion
MPRegen  0.12/turn              k - +4 ring of protection

@: confused, very slightly contaminated
A: no food or potions, fire vulnerability, cold resistance 1, negative energy
resistance 3, torment resistance, unbreathing
a: no special abilities


You were on level 4 of the Dungeon.
You were not hungry.

You visited 1 branch of the dungeon, and saw 4 of its levels.

You collected 99 gold pieces.

Inventory:

Hand Weapons
 d - a +0 short sword
 i - a +0 hunting sling of flaming
 m - a +0 great mace (weapon)
Missiles
 b - 21 poisoned darts (quivered)
 h - 2 javelins
 l - 10 sling bullets
Armour
 a - a +0 robe (worn)
 j - a scarf of cloud immunity
Jewellery
 f - an amulet of the gourmand (around neck)
 g - a +2 ring of evasion (left hand)
 k - a +4 ring of protection (right hand)
Scrolls
 e - a scroll of enchant weapon


   Skills:
 * Level 2.3 Fighting
 * Level 1.9 Throwing
 - Level 1.5 Dodging
 - Level 1.5 Stealth
 * Level 4.2 Spellcasting
 - Level 0.7 Conjurations
 - Level 2.4 Fire Magic


You couldn't memorise any spells.
You knew the following spells:

 Your Spells              Type           Power        Failure   Level  Hunger
a - Flame Tongue          Conj/Fire      #....        10%         1    N/A
b - Throw Flame           Conj/Fire      #.....       16%         2    N/A
c - Conjure Flame         Conj/Fire      #.......     30%         3    N/A
d - Confusing Touch       Hex            #.....       19%         1    N/A
e - Sticky Flame          Conj/Fire      #.......     69%         4    N/A

Your spell library contained the following spells:

 Spells                   Type           Power        Failure   Level  Hunger
 Inner Flame              Hex/Fire       #.......     34%         3    N/A
 Fireball                 Conj/Fire      #.........   95%         5    N/A

Dungeon Overview and Level Annotations

Branches:
Dungeon (4/15)
 Temple: D:4-7

Altars:
Nemelex Xobeh
Sif Muna
Uskayaw


Innate Abilities, Weirdness & Mutations

You do not eat or drink.
Your flesh is vulnerable to fire.
You are immune to poison.
Your flesh is cold resistant. (rC+)
You are immune to negative energy. (rN+++)
You are immune to unholy pain and torment.
You can survive without breathing.


Message History

Unknown command.
Unknown command.
You miss something.
You kill the orc!
You hear some strange, mumbled words.
Something tries to affect you, but you resist.
Something hits you.
* * * LOW HITPOINT WARNING * * *
Unknown command.
Unknown command.
Unknown command.
Unknown command.
You closely miss something.
You hear some strange, mumbled words.
You are confused.
Unknown command.
Unknown command.
Unknown command.
You miss something. Something hits you.
You die...

................)## #..
..................# ...
...........#####..## ...
...........## ##o.# #.#
............# ##.##..#
............## #.....#
.............# ##...###.
.............#####........#
................@{)......##
................###..#..##
...............## #.###..#
...............# #.# #..#
...............# #.# ...
...............# ..# ..
...............# .#
...............#
................#


There were no monsters in sight!

Vanquished Creatures
  2 orc wizards (D:3)
  2 adders
  A worm (D:2)
  2 dart slugs (D:1)
  A leopard gecko (D:2)
  3 orcs (D:4)
  6 bats
  2 giant cockroaches
  3 goblins (D:1)
  4 hobgoblins
  2 jackals (D:2)
  A quokka (D:2)
  3 frilled lizards
  4 kobolds
  9 rats
45 creatures vanquished.

Notes
Turn   | Place    | Note
-------+----------+-------------------------------------------
     0 | D:1      | Amplified the Mummy Fire Elementalist began the quest for
                  | the Orb.
     0 | D:1      | Reached XP level 1. HP: 13/13 MP: 4/4
   313 | D:1      | Reached skill level 3 in Spellcasting
   334 | D:1      | Reached XP level 2. HP: 20/20 MP: 3/6
   501 | D:1      | Reached skill level 1 in Fighting
   887 | D:1      | Reached skill level 1 in Throwing
  1432 | D:2      | Reached XP level 3. HP: 26/26 MP: 7/7
  1453 | D:2      | Found a hide-covered altar of Uskayaw.
  1555 | D:2      | Learned a level 2 spell: Throw Flame
  1559 | D:2      | Learned a level 3 spell: Conjure Flame
  1967 | D:2      | Found a sparkling altar of Nemelex Xobeh.
  2428 | D:3      | Found a shimmering blue altar of Sif Muna.
  2442 | D:3      | Reached skill level 4 in Spellcasting
  2442 | D:3      | Reached XP level 4. HP: 29/33 MP: 0/10
  2538 | D:3      | Identified Sif Muna's Papyrus of Malediction
  2543 | D:3      | Learned a level 1 spell: Confusing Touch
  2548 | D:3      | Learned a level 4 spell: Sticky Flame
  2651 | D:4      | HP: 1/34 [something (1)]
  2653 | D:4      | Slain by an orc wizard

Levels and vault maps discovered:
D:1:      evilmike_arrival_fibonacci_small, layout_basic
D:2:      layout_basic, nicolae_overflow_crystal_walls,
          nemelex_xobeh_ov_fountains_minmay, st_stairs_9
D:3:      layout_loops_cross, led_sif_book, first_ration
D:4:      layout_layer_cave, marbit_many_paths, nicolae_overflow_hidden_temple,
          serial_shops, shop

Skill      XL: |  1  2  3 |
---------------+----------+-----
Spellcasting   | 3 4 |  4.2
Fighting       | 1 2 |  2.3
Throwing       | 1 |  1.9
Dodging        | |  1.5
Stealth        | |  1.5
Conjurations   | |  0.7
Fire Magic     | |  2.4

Action                   |  1- 3 |  4- 6 || total
-------------------------+-------+-------++-------
Melee: Short sword       |    46 |       ||    46
       Unarmed           |     1 |       ||     1
       Great mace        |     2 |    14 ||    16
Throw: Dart              |     1 |    13 ||    14
 Cast: Flame Tongue      |    51 |     3 ||    54
       Throw Flame       |     5 |     3 ||     8
       Conjure Flame     |     1 |       ||     1
       Confusing Touch   |       |     1 ||     1
  Use: Scroll            |     5 |     1 ||     6
 Stab: Sleeping          |     2 |       ||     2
Armor: Robe              |    14 |     4 ||    18
Dodge: Dodged            |    65 |    12 ||    77
